 Dungeon Crawl Stone Soup version 0.28-a0-1348-g050f3537b9 (webtiles) character file.

Game seed: 17303340510661175847

239 HessuHobo the Chopper (level 5, -2/72 HPs)
             Began as a Minotaur Berserker on Dec 30, 2021.
             Was a Believer of Trog.
             Succumbed to Sigmund's poison
             ... on level 2 of the Dungeon.
             The game lasted 00:01:20 (1863 turns).

HessuHobo the Chopper (Minotaur Berserker)          Turns: 1863, Time: 00:01:22

Health: -2/72      AC:  6    Str: 23    XL:     5   Next: 79%
Magic:  4/4        EV: 11    Int:  4    God:    Trog [**....]
Gold:   77         SH:  0    Dex: 10    Spells: 4/4 levels left

rFire   . . .      SeeInvis .   a - +0 hand axe
rCold   . . .      Faith    +   (no shield)
rNeg    . . .      Spirit   .   l - +0 ring mail
rPois   .          Reflect  .   (helmet restricted)
rElec   .          Harm     .   (no cloak)
rCorr   .          Rampage  .   (no gloves)
Will    .....                   (no boots)
Stlth   ..........              h - amulet of faith
HPRegen 0.22/turn               (no ring)
MPRegen 0.09/turn               (no ring)

@: berserking (expiring), lethally poisoned (-2 -> -23), very quick
A: horns 2, retaliatory headbutt
a: Renounce Religion, Berserk, Trog's Hand


You were on level 2 of the Dungeon.
You worshipped Trog.
Trog was pleased with you.
You visited 1 branch of the dungeon, and saw 2 of its levels.

You collected 77 gold pieces.

Inventory:

Hand Weapons
 a - a +0 hand axe (weapon)
Armour
 l - a +0 ring mail (worn)
Jewellery
 h - an amulet of faith (around neck)
Scrolls
 c - a scroll of brand weapon {unknown}
 d - 2 scrolls of identify {unknown}
 e - 2 scrolls of magic mapping {unknown}
 g - a scroll of torment {unknown}
 i - a scroll of enchant armour {unknown}
 j - a scroll of blinking {unknown}
Potions
 f - a potion of haste {unknown}
 k - a potion of heal wounds {unknown}


   Skills:
 + Level 5.4 Fighting
 + Level 5.4 Axes
 + Level 4.7 Armour
 - Level 2.1 Dodging


You had 4 spell levels left.
You didn't know any spells.
Your spell library was empty.

Dungeon Overview and Level Annotations

Branches:
Dungeon (2/15)

Altars:
Gozag
Hepliaklqana


Innate Abilities, Weirdness & Mutations

You have a pair of horns on your head.
You reflexively headbutt those who attack you in melee.


Message History

Sigmund is nearby!
A red film seems to cover your vision as you go berserk!
You feel yourself moving faster!
You feel mighty!
You feel very sick.
You slash Sigmund!
Sigmund is heavily wounded.
You feel sick. Sigmund casts a spell at you. The puff of flame hits you!
You slash Sigmund! Your headbutt misses Sigmund.
Sigmund is severely wounded.
You feel sick.
Sigmund hits you with a +0 scythe of venom!
* * * LOW HITPOINT WARNING * * *
You are lethally poisoned!
You completely miss Sigmund. You headbutt Sigmund!
Sigmund is almost dead.
* * * LOW HITPOINT WARNING * * *
You feel very sick.
You completely miss Sigmund. Your headbutt misses Sigmund.
Sigmund is almost dead.
* * * LOW HITPOINT WARNING * * *
You feel very sick. Sigmund hits you but does no damage.
You are more poisoned.
You slash Sigmund!
You kill Sigmund!
Trog accepts your kill.
Trog appreciates your killing of a magic user.
* * * LOW HITPOINT WARNING * * *
You feel very sick.
Your Fighting skill increases to level 5!
Your Axes skill increases to level 5!
Your Armour skill increases to level 4!
You have reached level 5!
You are too berserk!
Okay, then.
* * * LOW HITPOINT WARNING * * *
You feel very sick.
You feel a strong urge to attack something.
You die...

..###..#### ##...##
..........## ##+##
#...##...#.# .#
.#..##..#..# .#
..#....#...# ##.##
...#..#....#####...##
##..##..##....#.....##
##..##..##..#.##)....#
...#..#.....#.##@#
..#....#...#.....#
.#..##..#...#.##.#
#...##...#(##.##..?
..........###.###.##
##............# .#
############# ." .##


There were no monsters in sight!

Vanquished Creatures
  Sigmund (D:2)
  4 gnolls (D:2)
  A dart slug (D:1)
  3 bats
  6 endoplasms
  2 giant cockroaches (D:1)
  5 hobgoblins
  4 jackals (D:1)
  3 kobolds
  3 quokkas (D:1)
  A ball python (D:1)
  2 frilled lizards (D:1)
  4 rats (D:1)
39 creatures vanquished.

Notes
Turn   | Place    | Note
-------+----------+-------------------------------------------
     0 | D:1      | HessuHobo the Minotaur Berserker began the quest for the
                  | Orb.
     0 | D:1      | Reached XP level 1. HP: 19/19 MP: 0/0
     2 | D:1      | Noticed a demigod
     2 | D:1      | Noticed a felid
     4 | D:1      | Noticed an elf
     4 | D:1      | Noticed a formicid
     6 | D:1      | Noticed a vine stalker
     8 | D:1      | Noticed a spriggan
     8 | D:1      | Noticed a tengu
    10 | D:1      | Noticed a naga
    12 | D:1      | Noticed a minotaur
    12 | D:1      | Noticed a vampire
    14 | D:1      | Noticed a gargoyle
    16 | D:1      | Noticed a demonspawn
    16 | D:1      | Noticed a draconian
    18 | D:1      | Noticed a ghoul
    18 | D:1      | Noticed an ogre
    20 | D:1      | Noticed a dwarf
    22 | D:1      | Noticed a human
    24 | D:1      | Noticed a troll
    24 | D:1      | Noticed a merfolk
    26 | D:1      | Noticed an octopode
   154 | D:1      | Found a faded altar of an unknown god.
   169 | D:1      | Reached XP level 2. HP: 25/27 MP: 1/1
   822 | D:1      | Reached XP level 3. HP: 33/33 MP: 2/2
   888 | D:1      | Found an opulent altar of Gozag.
  1093 | D:1      | Reached ** piety under Trog
  1393 | D:2      | Reached XP level 4. HP: 16/41 MP: 3/3
  1719 | D:2      | Found a hazy altar of Hepliaklqana.
  1853 | D:2      | Noticed Sigmund
  1861 | D:2      | Killed Sigmund
  1862 | D:2      | Reached skill level 5 in Fighting
  1862 | D:2      | Reached skill level 5 in Axes
  1862 | D:2      | Reached XP level 5. HP: 5/48 MP: 4/4
  1862 | D:2      | HP: 1/72 [poisoned by Sigmund]
  1863 | D:2      | Succumbed to Sigmund's poison

Illustrated notes

Levels and vault maps discovered:
D:1:      kb_arrival_jail, layout_loops_corners,
          hellmonk_ecumenical_altar_zigzags, kennysheep_flooded_box,
          minmay_tetromino_s4
D:2:      layout_loops_corners, serial_shops, shop, basic_altar,
          minmay_strange_pillars, glass_columns_b, minivault_26, uniq_sigmund

Skill      XL: |  1  2  3  4 |
---------------+-------------+-----
Fighting       | 4 5 |  5.4
Axes           | 4 5 |  5.4
Armour         | 3 4 |  4.7
Dodging        | |  2.1

Action                   |  1- 3 |  4- 6 || total
-------------------------+-------+-------++-------
Melee: Hand axe          |    57 |    12 ||    69
       Headbutt          |    13 |     3 ||    16
Invok: Berserk           |     1 |     1 ||     2
Armor: Animal skin       |     8 |     2 ||    10
       Ring mail         |       |     1 ||     1
Dodge: Dodged            |    29 |     5 ||    34

Table legend: (Time is in decaauts)
 A = Elapsed time spent in this place.
 B = Non-inter-level travel time spent in this place.
 C = Inter-level travel time spent in this place.
 D = Time resting spent in this place.
 E = Time spent auto-exploring this place.
 F = Levels seen in this place.
 G = Mean time per level.
                   A        B        C        D        E       F      G
               +--------+--------+--------+--------+--------+-----+--------+
         Total |   1877 |   1837 |     40 |    349 |   1285 |   2 |  938.5 |
       Dungeon |   1877 |   1837 |     40 |    349 |   1285 |   2 |  938.5 |
               +--------+--------+--------+--------+--------+-----+--------+

Top non-repeatable levels by time:
     D:1: 1300 daAuts
     D:2: 576 daAuts
